 Dungeon Crawl Stone Soup version 0.26.1-11-gd32895ea62 (webtiles) character file.

Game seed: 5363773986304539881

2172 Gabide the Digger (level 9, 0/49 HPs)
             Began as a Gargoyle Earth Elementalist on June 18, 2021.
             Was a Follower of Ashenzari.
             Slain by a killer bee (4 damage)
             ... on level 7 of the Dungeon.
             The game lasted 00:17:34 (7027 turns).

Gabide the Digger (Gargoyle Earth Elementalist)     Turns: 7027, Time: 00:17:34

Health: 0/49       AC: 11    Str: 12    XL:     9   Next: 32%
Magic:  2/19       EV: 12    Int: 19    God:    Ashenzari [*.....]
Gold:   354        SH:  0    Dex: 10    Spells: 7/22 levels left

rFire    . . .     SeeInvis .   k - +7 flail (drain) (curse)
rCold    . . .     Faith    .   (no shield)
rNeg     + . .     Spirit   .   c - +1 robe (curse)
rPois    ∞         Reflect  .   (no helmet)
rElec    +         Harm     .   (no cloak)
rCorr    .         Rampage  .   (no gloves)
Will     .....                  f - +1 pair of boots (curse)
Stlth    ++........             (no amulet)
HPRegen  0.16/turn              (no ring)
MPRegen  0.16/turn              (no ring)

@: about to teleport
A: negative energy resistance 1, electricity resistance, unbreathing,
petrification resistance, miasma immunity, AC +6
a: Renounce Religion, Curse Item, Scrying


You were on level 7 of the Dungeon.
You worshipped Ashenzari.
Ashenzari was aware of your devotion.
You visited 1 branch of the dungeon, and saw 7 of its levels.

You collected 354 gold pieces.

Inventory:

Hand Weapons
 k - a cursed +7 flail of draining (weapon)
Missiles
 r - 28 stones
Armour
 c - a cursed +1 robe (worn)
 f - a cursed +1 pair of boots (worn)
Wands
 g - a wand of polymorph (11)
 q - a wand of iceblast (8)
Scrolls
 b - a scroll of fog
 e - 3 scrolls of remove curse
 i - a scroll of random uselessness
 m - 4 scrolls of identify
 n - 2 scrolls of teleportation
Potions
 a - 2 potions of curing
 d - 2 potions of haste
 h - 2 potions of mutation
 j - a potion of resistance
 l - a potion of brilliance
 o - a potion of magic
 p - a potion of attraction


   Skills:
 + Level 2.7 Fighting
 + Level 4.3 Maces & Flails
 + Level 2.6 Dodging
 + Level 2.8 Stealth
 * Level 7.2 Spellcasting
 * Level 4.8 Conjurations
 + Level 0.7 Transmutations
 + Level 7.3 Earth Magic


You had 7 spell levels left.
You knew the following spells:

 Your Spells              Type           Power        Failure   Level
a - Sandblast             Erth           68%          1%          1
b - Stone Arrow           Conj/Erth      58%          2%          3
c - Lee's Rapid Deconstr  Erth           17%          14%         5
d - Petrify               Tmut/Erth      22%          19%         4
e - Passwall              Tmut/Erth      18%          2%          2

Your spell library contained the following spells:

 Spells                   Type           Power        Failure   Level
 Animate Skeleton         Necr           12%          10%         1
 Apportation              Tloc           12%          10%         1
 Corona                   Hex            6%           10%         1
 Summon Small Mammal      Summ           24%          10%         1
 Dazzling Flash           Conj/Hex       32%          11%         3
 Ensorcelled Hibernation  Hex/Ice        12%          16%         2
 Confusing Touch          Hex            6%           30%         3
 Tukima's Dance           Hex            6%           30%         3


Dungeon Overview and Level Annotations

Branches:
Dungeon (7/15)             Temple (0/1) D:4

Altars:
Ashenzari
Elyvilon
Sif Muna
Xom

Annotations:
D:7 Harold


Innate Abilities, Weirdness & Mutations

You are resistant to torment.
Your stone body is resilient. (AC +6)
You are immune to poison.
You resist negative energy. (rN+)
You are resistant to electric shocks. (rElec)
You can survive without breathing.
You are immune to petrification.
You are immune to miasma.


Message History

The stone arrow misses Harold.
The stone arrow misses the orc warrior.
The killer bee closely misses you. Harold hits you but does no damage.
Casting: Stone Arrow (dangerous; 2% risk of failure)
Confirm with . or Enter, or press ? or * to list all spells.
Aiming: Stone Arrow (dangerous; 2% risk of failure)
Press: ? - help, Shift-Dir - straight line, f/p - Harold
Aim: Harold, wielding a +0 short sword, wearing a +0 scale mail and quivering 2 throwing nets (heavily wounded, lightly drained, 17% to evade)
The stone arrow hits Harold!
Harold is heavily wounded.
The killer bee stings you.
The orc warrior hits you from afar with a +0 halberd!
* * * LOW HITPOINT WARNING * * *
The killer bee closely misses you. Harold hits you with a +0 short sword.
* * * LOW HITPOINT WARNING * * *
A killer bee comes into view.
An orc comes into view. It is wielding a +0 mace.
As you read the scroll of teleportation, it crumbles to dust.
You feel strangely unstable. The killer bee stings you.
You die...
Xom is highly amused!

.## .....####.# ...
..........+ .#.
#........#.+
.#.###..........+
.#.....###......####. #
.###...#.............y..
###.........(....###o...
..#...........?..y...#
#.#.............@@o.$#
..#.......†..>.......#
..#.####.............#
..#.####.............#
#.#....#.............#
#....#.#.............#
####.#.#.............#
#.#.#.............# #
#.#.#.......


You could see Harold (drained), an orc warrior, 2 killer bees and an orc.

Vanquished Creatures
  Edmund (D:5)
  2 sky beasts
  An ice beast (D:6)
  2 phantoms
  5 ogres
  3 centaurs
  A scorpion (D:7)
  A howler monkey (D:6)
  3 bullfrog zombies
  A quasit (D:6)
  2 orc priests
  A centaur skeleton (D:6)
  2 hounds
  2 gnoll shamans
  2 orc wizards
  3 iguanas
  3 worker ants
  11 gnolls (D:6)
  11 adders
  A shadow imp (D:6)
  An adder skeleton (D:5)
  An adder zombie (D:2)
  A dart slug (D:1)
  9 leopard geckos
  13 orcs
  2 ball pythons
  6 bats
  4 giant cockroaches
  5 hobgoblins
  4 jackals
  10 kobolds
  3 quokkas
  5 frilled lizards
  4 goblins
  A quokka skeleton (D:7)
  10 rats
137 creatures vanquished.

Notes
Turn   | Place    | Note
-------+----------+-------------------------------------------
     0 | D:1      | Gabide the Gargoyle Earth Elementalist began the quest for
                  | the Orb.
     0 | D:1      | Reached XP level 1. HP: 10/10 MP: 3/3
   568 | D:1      | Reached XP level 2. HP: 15/15 MP: 3/5
  1062 | D:1      | Reached XP level 3. HP: 19/19 MP: 4/6
  1242 | D:1      | Learned a level 3 spell: Stone Arrow
  2162 | D:2      | Reached XP level 4. HP: 24/24 MP: 5/8
  2305 | D:2      | Reached skill level 5 in Earth Magic
  2777 | D:3      | Found a faded altar of an unknown god.
  2797 | D:3      | Became a worshipper of Xom of Chaos
  2977 | D:3      | Found a broken altar of Ashenzari.
  2985 | D:3      | Fell from the grace of Xom
  2985 | D:3      | Became a worshipper of Ashenzari the Shackled
  3405 | D:4      | Found Isinivock's Antique Armour Boutique.
  3744 | D:4      | Found a staircase to the Ecumenical Temple.
  3837 | D:4      | XOM: summons 4 hostile shadow creatures
  3884 | D:4      | Reached XP level 5. HP: 19/28 MP: 1/9
  4120 | D:5      | Entered Level 5 of the Dungeon
  4121 | D:5      | Noticed a centaur
  4127 | D:5      | Killed a centaur
  4128 | D:5      | Reached skill level 1 in Conjurations
  4130 | D:5      | Noticed an ogre
  4141 | D:5      | Reached XP level 6. HP: 20/32 MP: 1/12
  4199 | D:4      | XOM: draining
  4313 | D:5      | Reached skill level 1 in Maces & Flails
  4683 | D:5      | Reached XP level 7. HP: 37/37 MP: 7/14
  4693 | D:5      | XOM: 1-stop teleportation journey
  4772 | D:5      | XOM: noise
  4779 | D:5      | Learned a level 5 spell: Lee's Rapid Deconstruction
  4784 | D:5      | Learned a level 4 spell: Petrify
  4787 | D:5      | Learned a level 2 spell: Passwall
  4834 | D:5      | Found a white marble altar of Elyvilon.
  4842 | D:5      | Reached skill level 5 in Spellcasting
  4857 | D:5      | Noticed Edmund
  4865 | D:5      | Killed Edmund
  5078 | D:5      | Reached skill level 1 in Fighting
  5346 | D:6      | Reached XP level 8. HP: 43/43 MP: 8/16
  5401 | D:6      | Reached * piety under Ashenzari
  5989 | D:6      | Reached XP level 9. HP: 48/48 MP: 3/19
  6127 | D:6      | Found a shimmering blue altar of Sif Muna.
  7011 | D:7      | Noticed Harold
  7027 | D:7      | Slain by a killer bee

Illustrated notes

Levels and vault maps discovered:
D:1:      shiori_arrival_maze, layout_basic, minmay_misc_feat_doors,
          minivault_24, minmay_ruptured
D:2:      minmay_inner_zag, layout_basic
D:3:      layout_loops_cross, chequers_ecumenical_altar_simple,
          ashenzari_altar_1
D:4:      layout_rooms, minmay_temple_entry_nine_rooms, serial_shops, shop
D:5:      layout_rooms, elyvilon_altar_5, kennysheep_generic_room_10,
          uniq_edmund
D:6:      layout_rooms, portal_sewer_entry_f, amcnicky_altar_gilded
D:7:      layout_basic, eino_jars, uniq_harold

Skill      XL: |  1  2  3  4  5  6  7  8  9 |
---------------+----------------------------+-----
Earth Magic    | 4 5 6 7 |  7.3
Spellcasting   | 3 4 5 7 |  7.2
Conjurations   | 1 2 4 |  4.8
Maces & Flails | 1 2 3 4 |  4.3
Fighting       | 1 2 |  2.7
Dodging        | 2 |  2.6
Stealth        | |  2.8
Transmutations | |  0.7

Action                   |  1- 3 |  4- 6 |  7- 9 || total
-------------------------+-------+-------+-------++-------
Melee: Club              |    14 |       |       ||    14
       Short sword       |    13 |       |       ||    13
       Morningstar       |       |    14 |       ||    14
       Flail             |       |       |   113 ||   113
 Cast: Sandblast         |    42 |    68 |    43 ||   153
       Stone Arrow       |     2 |     3 |    48 ||    53
       Petrify           |       |       |     2 ||     2
Invok: Curse Item        |       |     3 |     1 ||     4
Evoke: Wand              |       |     1 |       ||     1
  Use: Scroll            |     3 |    15 |     7 ||    25
       Potion            |       |       |     4 ||     4
 Stab: Sleeping          |       |     1 |       ||     1
Armor: Robe              |    11 |    23 |    93 ||   127
Dodge: Dodged            |    31 |    49 |   123 ||   203
